 Dungeon Crawl Stone Soup version 0.29-a0-418-gc0181ea820 (webtiles) character file.

Game seed: 1102145453511737566

107 hquester the Agent of Entropy (level 4, 0/35 HPs)
             Began as a Demonspawn Abyssal Knight on May 17, 2022.
             Was a Priest of Lugonu.
             Slain by Grinder (1 damage)
             ... while paralysed by Grinder
             ... on level 3 of the Dungeon.
             The game lasted 00:06:43 (2691 turns).

hquester the Agent of Entropy (DsAK)                Turns: 2691, Time: 00:06:44

Health: 0/35       AC:  5    Str: 13    XL:     4   Next: 57%
Magic:  6/6        EV:  2    Int: 17    God:    Lugonu [***...]
Gold:   104        SH:  0    Dex: 18    Spells: 3/3 levels left

rFire   . . .      SeeInvis .   k - +1 short sword (elec)
rCold   . . .      Faith    .   (no shield)
rNeg    + . .      Spirit   .   h - +0 ring mail
rPois   .          Reflect  .   (no helmet)
rElec   .          Harm     .   (no cloak)
rCorr   .          Rampage  .   (no gloves)
Will    .....                   (no boots)
Stlth   ++........              n - amulet of regeneration
HPRegen 0.91/turn               d - ring of positive energy
MPRegen 0.10/turn               q - +6 ring of intelligence

@: paralysed, lethally poisoned (0 -> 0)
A: thin skeletal structure 1, ignite blood 1
a: Renounce Religion, Depart the Abyss, Bend Space, Banish


You were on level 3 of the Dungeon.
You worshipped Lugonu.
Lugonu was most pleased with you.
You visited 1 branch of the dungeon, and saw 3 of its levels.
You visited the Abyss 1 time.

You collected 104 gold pieces.

Inventory:

Hand Weapons
 a - a +1 short sword
 k - a +1 short sword of electrocution (weapon)
Armour
 b - a +0 leather armour
 h - a +0 ring mail (worn)
Jewellery
 d - a ring of positive energy (left hand)
 n - an amulet of regeneration (around neck)
 q - a +6 ring of intelligence (right hand)
Scrolls
 e - a scroll of enchant armour {unknown}
 f - a scroll of noise {unknown}
 j - 2 scrolls of fear {unknown}
 l - a scroll of identify {unknown}
 o - a scroll of magic mapping {unknown}
 p - a scroll of teleportation {unknown}
Potions
 c - a potion of heal wounds {unknown}
 g - a potion of cancellation {unknown}
 i - a potion of flight {unknown}
 m - a potion of invisibility {unknown}


   Skills:
 + Level 3.5 Fighting
 + Level 2.4 Short Blades
 + Level 2.4 Armour
 + Level 1.8 Dodging
 + Level 0.1 Stealth
 + Level 3.6 Invocations


You had 3 spell levels left.
You didn't know any spells.
Your spell library contained the following spells:

 Spells                   Type           Power      Damage    Failure   Level
 Beastly Appendage        Tmut           0%         N/A       43%         1
 Slow                     Hex            0%         N/A       43%         1
 Wereblood                Tmut           0%         N/A       58%         2
 Confusing Touch          Hex            0%         N/A       82%         3
 Spider Form              Tmut/Pois      0%         N/A       82%         3
 Vampiric Draining        Necr           0%         2d6       82%         3


Dungeon Overview and Level Annotations

Branches:
Dungeon (3/15)

Altars:

Annotations:
D:3 Grinder


Innate Abilities, Weirdness & Mutations

You have a somewhat thin skeletal structure. (Dex +2, Stealth+)
Your demonic aura sometimes causes spilled blood to erupt in flames.


Message History

The adder is heavily wounded.
You feel sick. The adder bites you.
You are more poisoned.
The adder poisons you! The adder bites you.
You are more poisoned.
The adder poisons you!
You miss the adder.
The adder is heavily wounded.
You feel very sick. The adder barely misses you.
You closely miss the adder. Your punch misses the adder.
The adder is heavily wounded.
You feel very sick. The adder closely misses you.
You hit the adder but do no damage.
The adder is heavily wounded.
You feel sick. The adder barely misses you.
Grinder says, "There's only one good use for a tongue: cutting it out."
You hit the adder.
The adder is severely wounded.
You feel sick. The adder bites you but does no damage. The adder bites you.
You hit the adder.
You kill the adder!
Lugonu accepts your kill.
You feel sick. Grinder gestures at you.
You suddenly lose the ability to move!
You feel sick. x2
Grinder hits you.
* * * LOW HITPOINT WARNING * * *
You writhe in agony.
* * * LOW HITPOINT WARNING * * *
You feel sick. Grinder hits you.
* * * LOW HITPOINT WARNING * * *
You feel sick.
Grinder says, "I used to sell toenails on the black market."
Grinder hits you.
* * * LOW HITPOINT WARNING * * *
You writhe in agony.
You die...

##### ....## #..
#.... ### #.. ...#
#.. #.# $...# #.#
#.# #^##.#.# #.#
#.# #.# .
#.######.###5#
.####...........@#
.............#####
##....########
#.##.# ##.##.#
......# ##.####
#)# #.#


You could see Grinder.

Vanquished Creatures
  An orc priest (D:3)
  2 adders
  3 dart slugs (D:2)
  3 orcs (D:3)
  5 ball pythons
  7 bats
  5 endoplasms
  A giant cockroach (D:1)
  3 goblins
  7 hobgoblins
  A quokka (D:1)
  A frilled lizard (D:2)
  8 kobolds
  3 rats (D:2)
50 creatures vanquished.

Vanquished Creatures (others)
  4 plants (D:1)
4 creatures vanquished.

Grand Total: 54 creatures vanquished

Notes
Turn   | Place    | Note
-------+----------+-------------------------------------------
     0 | Abyss:1  | hquester the Demonspawn Abyssal Knight began the quest for
                  | the Orb.
     0 | Abyss:1  | Reached XP level 1. HP: 18/18 MP: 2/2
     9 | D:1      | Escaped the Abyss
    56 | D:1      | Reached skill level 1 in Dodging
   270 | D:1      | Gained mutation: Your demonic aura sometimes causes spilled
                  | blood to erupt in flames. [demonic ancestry]
   270 | D:1      | Reached XP level 2. HP: 20/24 MP: 4/4
   761 | D:1      | Found a faded altar of an unknown god.
  1641 | D:2      | Gained mutation: You have a somewhat thin skeletal
                  | structure. (Dex +2, Stealth+) [demonic ancestry]
  1641 | D:2      | Reached XP level 3. HP: 27/29 MP: 5/5
  1797 | D:2      | Reached *** piety under Lugonu
  2616 | D:3      | Reached XP level 4. HP: 25/35 MP: 6/6
  2669 | D:3      | Noticed Grinder
  2687 | D:3      | Paralysed by Grinder for 5 turns
  2691 | D:3      | HP: 1/35 [Grinder (1)]
  2691 | D:3      | Slain by Grinder

Illustrated notes

Levels and vault maps discovered:
D:1:      minmay_arrival_plants_in_alcoves, layout_loops_cross,
          shapermc_ecumenical_altar_mp_vishouse, serial_bayou_lagoon_a,
          minmay_misc_feat_columns, serial_bayou_lake_a
D:2:      layout_loops_ring, minmay_misc_feat_ornament, grunt_decor_fettered
D:3:      layout_loops_ring, grunt_temple_overflow_open, uniq_grinder

Skill      XL: |  1  2 |
---------------+-------+-----
Dodging        | 1 |  1.8
Armour         | 2 |  2.4
Short Blades   | 2 |  2.4
Invocations    | 3 |  3.6
Fighting       | |  3.5
Stealth        | |  0.1

Action                   |  1- 3 |  4- 6 || total
-------------------------+-------+-------++-------
Melee: Short sword       |   133 |    16 ||   149
 Stab: Sleeping          |     4 |       ||     4
Armor: Leather armour    |    30 |       ||    30
       Ring mail         |    31 |     4 ||    35
Dodge: Dodged            |    79 |     7 ||    86

Table legend: (Time is in decaauts)
 A = Elapsed time spent in this place.
 B = Non-inter-level travel time spent in this place.
 C = Inter-level travel time spent in this place.
 D = Time resting spent in this place.
 E = Time spent auto-exploring this place.
 F = Levels seen in this place.
 G = Mean time per level.
                   A        B        C        D        E       F      G
               +--------+--------+--------+--------+--------+-----+--------+
         Total |   2770 |   2702 |     68 |      0 |   2240 |   4 |  692.5 |
       Dungeon |   2761 |   2693 |     68 |      0 |   2239 |   3 |  920.3 |
         Abyss |      9 |      9 |      0 |      0 |      1 |   1 |    9.0 |
               +--------+--------+--------+--------+--------+-----+--------+

Top non-repeatable levels by time:
     D:1: 1706 daAuts
     D:2: 970 daAuts
     D:3: 85 daAuts
 Abyss:1: 9 daAuts
